 Dungeon Crawl Stone Soup version 0.15-a0-1646-g393eda0 (webtiles) character file.

10202 Quh the Conjurer (level 11, -5/60 HPs)
             Began as a Deep Elf Wizard on June 21, 2014.
             Was a High Priest of Sif Muna.
             Slain by an unseen horror (11 damage)
             ... on Level 10 of the Dungeon on June 22, 2014.
             The game lasted 01:34:57 (17674 turns).

Quh the Conjurer (Deep Elf Wizard)                 Turns: 17674, Time: 01:34:57

HP  -5/60        AC  8     Str  4      XL: 11   Next: 33%
MP  12/32        EV 12     Int 28      God: Sif Muna [*****.]
Gold 629         SH  0     Dex 13      Spells:  8 memorised,  7 levels left

rFire  . . .     SeeInvis .     C - +1 falchion of Purpose {speed, rC- Int+3}
rCold  . . .     Clarity  .     v - +2 robe of the Harp {rC+ Int-2}
rNeg   . . .     rCorr    .     (no shield)
rPois  .         rRot     .     b - +1 hat
rElec  .         Spirit   .     (no cloak)
SustAb .         Warding  .     (no gloves)
rMut   .         Stasis   .     R - +2 pair of boots
Gourm  .                        (no amulet)
MR     +....                    j - ring of stealth
                                q - ring of wizardry

@: lethally poisoned, somewhat resistant to hostile enchantments, quite stealthy
A: no striking features
a: Channel Energy, Forget Spell, Renounce Religion


You were on level 10 of the Dungeon.
You worshipped Sif Muna.
Sif Muna was extremely pleased with you.
You were hungry.

You visited 3 branches of the dungeon, and saw 13 of its levels.

You collected 629 gold pieces.

Inventory:

Hand weapons
 i - a +1 whip of flaming
 l - a +4 spear
 u - a +2 short sword of venom
 C - the +1 falchion of Purpose (weapon) {speed, rC- Int+3}
   (You took it off an orc on level 4 of the Dungeon)

   Attacks with this weapon are significantly faster.
   It affects your intelligence (+3).
   It makes you vulnerable to cold.
 E - a cursed -2 flail
 V - a +0 trident of freezing
 X - a +1 longbow
Missiles
 f - 2 tomahawks (quivered)
 Y - 32 arrows
Armour
 b - a +1 hat (worn)
 v - the +2 robe of the Harp (worn) {rC+ Int-2}
   (You found it on level 4 of the Dungeon)

   It affects your intelligence (-2).
   It protects you from cold.
 M - a +0 robe
 R - a +2 pair of boots (worn)
Magical devices
 d - a wand of flame (5)
 k - a wand of frost (1)
 y - a wand of random effects (16)
 G - a wand of lightning (1)
 L - a wand of slowing (8)
 Q - a wand of random effects (16)
 S - a wand of polymorph (9)
Comestibles
 t - 10 fruits
 A - a royal jelly
 B - 6 bread rations
 D - 5 meat rations
 N - 7 beef jerkies
Scrolls
 a - 6 scrolls of remove curse
 e - 2 scrolls of immolation
 x - 2 scrolls of magic mapping
 H - 2 scrolls of enchant weapon
 K - a scroll of fog
 P - a scroll of recharging
 U - a scroll of enchant armour
Jewellery
 j - a ring of stealth (right hand)
 q - a ring of wizardry (left hand)
 W - an uncursed ring of sustain abilities {unknown}
Potions
 g - 2 potions of brilliance
 h - 2 potions of heal wounds
 m - 3 potions of magic
 n - 5 potions of curing
 o - a potion of flight
 p - a potion of paralysis
 s - 3 potions of haste
 w - a potion of poison
 z - 2 potions of porridge
 O - a potion of cure mutation
Books
 c - a book of Minor Magic

   Spells                             Type                      Level
   *Magic Dart                        Conjuration                  1
   *Blink                             Translocation                2
   *Call Imp                          Summoning                    2
   *Repel Missiles                    Charms/Air                   2
   Slow                               Hexes                        2
   *Conjure Flame                     Conjuration/Fire             3
   *Mephitic Cloud                    Conjuration/Poison/Air       3
 I - a book of the Warp

   Spells                             Type                      Level
   *Control Teleport                  Charms/Translocation         4
   Phase Shift                        Translocation                5
   Warp Weapon                        Charms/Translocation         5
   Dispersal                          Translocation                6
   *Controlled Blink                  Translocation                7
   Disjunction                        Translocation                8
Magical staves
 J - an uncursed staff of earth
Miscellaneous
 r - a plain deck of war
 Z - a lamp of fire


   Skills:
 - Level 3.5 Fighting
 - Level 2.4 Dodging
 - Level 8.0 Stealth
 * Level 10.6 Spellcasting
 - Level 12.0 Conjurations
 - Level 1.1 Summonings
 * Level 9.5 Translocations
 - Level 1.6 Invocations
 - Level 3.2 Evocations


You had 7 spell levels left.
You knew the following spells:

 Your Spells              Type           Power        Failure   Level  Hunger
a - Magic Dart            Conj           ####         1%          1    None
b - Blink                 Tloc           N/A          1%          2    None
c - Call Imp              Summ           ###.....     1%          2    None
d - Repel Missiles        Chrm/Air       ##....       3%          2    None
e - Mephitic Cloud        Conj/Pois/Air  #####...     1%          3    None
f - Conjure Flame         Conj/Fire      #####...     1%          3    None
g - Control Teleport      Chrm/Tloc      #####.....   3%          4    None
h - Controlled Blink      Tloc           N/A          38%         7    ######.


Dungeon Overview and Level Annotations

Branches:
Dungeon (10/15)            Temple (1/1) D:5            Lair (2/8) D:8
    Orc: D:9-12

Altars:
Ashenzari
Cheibriados
Dithmenos
Elyvilon
Fedhas
Gozag
Kikubaaqudgha
Nemelex Xobeh
Okawaru
Qazlal
Sif Muna
Trog
Vehumet
Xom
Yredelemnul
The Shining One
Lugonu

Annotations:
D:2 Crazy Yiuf
D:4 Prince Ribbit
Lair:2 Harold


Message History

Aiming: Magic Dart
Press: ? - help, Shift-Dir - straight line, f/p - killer bee
Aim: a killer bee (almost dead, bewildered and confused)
The magic dart hits the killer bee.
You kill the killer bee!
Something hits you.
You start resting.
Something hits you.
You start resting.
Something hits you but does no damage. Something hits you but does no damage.
You start resting.
You feel sick. Something hits you!
* * * LOW HITPOINT WARNING * * *
You start resting.
Something hits you.
* * * LOW HITPOINT WARNING * * *
Casting: Magic Dart
Confirm with . or Enter, or press ? or * to list all spells.
You blink.
Read which item? (? for menu, Esc to quit)
Okay, then.
You feel sick. Something hits you!
You die...

........##.........#
.........#.........#
.........#.........#
..........#.(.......#
..........#.........#
'##########'##......####
...........).........#
........)%...........#
..........%.....@....#
........)########....#
.........# ....#
.........# ....#
........y# ....#
##.......# ....#
#.......# ....#
#.......# .... ..y....#
.


There were no monsters in sight!

Vanquished Creatures
  3 hill giants
  Pikel (D:5)
  2 spiny frogs (Lair:1)
  A troll (D:8)
  A hydra skeleton (D:9)
  A basilisk (Lair:2)
  4 hippogriffs
  Eustachio (D:4)
  A deep elf fighter (D:9)
  A hill giant skeleton (D:8)
  2 hungry ghosts
  3 wolves
  2 slaves (D:5)
  3 orc warriors
  An ice beast (D:9)
  A necrophage (D:9)
  8 porcupines
  4 phantoms (D:9)
  2 crocodiles
  5 centaurs
  4 ogres
  Duvessa (D:8)
  A gnoll sergeant (D:6)
  Blork the orc (D:7)
  7 giant frogs
  A troll zombie (D:6)
  10 killer bees
  8 wights
  2 electric eels (D:8)
  Dowan (D:8)
  4 crimson imps
  A goliath beetle (D:8)
  3 jellies
  6 hounds
  3 orc priests
  4 orc wizards
  A gnoll shaman (D:7)
  8 iguanas
  2 elf skeletons
  A two-headed ogre skeleton (D:8)
  5 worker ants
  A hound skeleton (D:5)
  11 gnolls
  An orc zombie (D:7)
  13 adders
  2 green rats (D:3)
  A shadow imp (D:5)
  4 giant mites
  A white imp (D:4)
  A worm (D:4)
  An iguana zombie (D:6)
  An adder skeleton (D:9)
  An iguana skeleton (D:10)
  An ooze (D:1)
  29 orcs
  A ball python (D:5)
  A bat zombie (D:3)
  7 giant cockroaches
  12 goblins
  8 hobgoblins
  7 jackals
  9 quokkas
  14 bats
  7 giant geckos
  6 giant newts
  A giant spore (D:6)
  16 kobolds
  13 rats
  2 rat zombies (D:3)
  11 ballistomycetes
  A butterfly (D:4)
305 creatures vanquished.

Vanquished Creatures (collateral kills)
  Edmund (D:4)
  The ghost of Crauler the Insei, an average OpTm (D:4)
  A porcupine (Lair:1)
  A giant frog (D:6)
  3 crimson imps
  An orc wizard (D:6)
  A worker ant (D:4)
  2 adders (D:2)
  3 gnolls (D:3)
  A giant mite (D:4)
  A shadow imp (D:4)
  A worm (D:2)
  A giant gecko (D:2)
  3 orcs
  A goblin (D:6)
  7 jackals
  A quokka (D:2)
  A kobold (D:2)
  A rat (D:1)
32 creatures vanquished.

Vanquished Creatures (others)
  A killer bee (D:10)
  8 crimson imps
  2 iron imps (D:4)
  An orc wizard (D:3)
  A gnoll (D:7)
  A giant mite (D:3)
  7 shadow imps
  9 white imps
  5 giant spores
35 creatures vanquished.

Grand Total: 372 creatures vanquished

Notes
Turn   | Place    | Note
--------------------------------------------------------------
     0 | D:1      | Quh, the Deep Elf Wizard, began the quest for the Orb.
     0 | D:1      | Reached XP level 1. HP: 10/10 MP: 6/6
   387 | D:1      | Reached XP level 2. HP: 13/15 MP: 0/9
   391 | D:1      | Learned a level 2 spell: Blink
   394 | D:1      | Learned a level 2 spell: Call Imp
   397 | D:1      | Learned a level 2 spell: Repel Missiles
  1135 | D:2      | Reached XP level 3. HP: 19/19 MP: 6/12
  1475 | D:2      | Found a glowing golden altar of the Shining One.
  1782 | D:2      | Reached XP level 4. HP: 24/24 MP: 12/15
  2342 | D:2      | Noticed Crazy Yiuf
  2428 | D:3      | Reached skill level 5 in Conjurations
  2433 | D:3      | Learned a level 3 spell: Mephitic Cloud
  2512 | D:3      | Reached XP level 5. HP: 15/28 MP: 14/18
  2778 | D:3      | Found an ancient bone altar of Kikubaaqudgha.
  3245 | D:4      | Got a creamy pearl robe
  3251 | D:4      | Identified the +2 robe of the Harp {rC+ Int-2} (You found it on level 4 of the Dungeon)
  3885 | D:4      | Reached skill level 6 in Conjurations
  3888 | D:4      | Reached XP level 6. HP: 13/32 MP: 3/20
  4188 | D:4      | Noticed Prince Ribbit
  4257 | D:4      | Noticed Edmund
  4268 | D:4      | Noticed Eustachio
  4309 | D:5      | Entered Level 5 of the Dungeon
  4431 | D:4      | Killed Eustachio
  4431 | D:4      | Reached skill level 5 in Spellcasting
  4559 | D:4      | Killed Edmund
  4593 | D:4      | Found a shadowy altar of Dithmenos.
  4646 | D:4      | Got an ivory falchion
  4647 | D:4      | Identified the cursed +1 falchion of Purpose {speed, rC- Int+3} (You took it off an orc on level 4 of the Dungeon)
  4651 | D:4      | Found a shimmering altar of Xom.
  4669 | D:4      | Reached skill level 5 in Stealth
  4683 | D:4      | Reached XP level 7. HP: 22/36 MP: 1/23
  4918 | D:4      | Noticed Crauler's ghost (average OpTm)
  5034 | D:4      | Killed Crauler's ghost
  5171 | D:4      | Learned a level 3 spell: Conjure Flame
  5355 | D:5      | Found a bloodstained altar of Trog.
  5410 | D:5      | Found a staircase to the Ecumenical Temple.
  5415 | Temple   | Entered the Ecumenical Temple
  5429 | Temple   | Became a worshipper of Sif Muna the Loreminder
  5575 | D:5      | Reached skill level 7 in Conjurations
  5651 | D:5      | Noticed Pikel
  5676 | D:5      | Killed Pikel
  5676 | D:5      | Reached XP level 8. HP: 35/41 MP: 0/25
  5939 | D:5      | Acquired Sif Muna's first power
  5939 | D:5      | Reached skill level 8 in Conjurations
  6010 | D:5      | Found a white marble altar of Elyvilon.
  6011 | D:5      | Found an opulent altar of Gozag.
  6692 | D:6      | HP: 2/42 [troll zombie (7)]
  6754 | D:6      | Reached skill level 1 in Fighting
  7168 | D:6      | Found a sparkling altar of Nemelex Xobeh.
  7224 | D:6      | Reached skill level 9 in Conjurations
  7457 | D:6      | Reached XP level 9. HP: 41/49 MP: 20/28
  8133 | D:7      | Noticed a hill giant
  8150 | D:7      | Killed a hill giant
  8150 | D:7      | Reached skill level 1 in Invocations
  8170 | D:7      | Acquired Sif Muna's second power
  8177 | D:7      | Upgraded the game from 0.15-a0-1632-gd490d05 to 0.15-a0-1646-g393eda0
  8437 | D:7      | HP: 2/51 [poisoned by a killer bee]
  8445 | D:7      | HP: 2/51 [poisoned by a killer bee]
  8844 | D:7      | Noticed Blork the orc
  8856 | D:7      | Killed Blork the orc
  8864 | D:7      | Reached skill level 10 in Conjurations
  9118 | D:7      | Learned a level 4 spell: Control Teleport
 10134 | D:8      | Reached XP level 10. HP: 51/56 MP: 19/29
 10212 | D:8      | HP: 1/56 [troll (13)]
 10513 | D:8      | Reached skill level 5 in Translocations
 10847 | D:8      | Found a staircase to the Lair.
 10894 | D:8      | Reached skill level 11 in Conjurations
 11303 | D:8      | Noticed Dowan
 11442 | Lair:1   | Entered Level 1 of the Lair of Beasts
 12300 | Lair:1   | Acquired Sif Muna's third power
 12855 | Lair:2   | Reached skill level 12 in Conjurations
 13082 | Lair:2   | Learned a level 7 spell: Controlled Blink
 13634 | Lair:2   | Noticed Harold
 13977 | Lair:2   | Noticed a black mamba
 14264 | D:8      | Noticed Duvessa
 14280 | D:8      | Killed Duvessa
 14281 | D:8      | Killed Dowan
 15569 | D:9      | Reached XP level 11. HP: 30/60 MP: 5/31
 17092 | D:10     | Entered Level 10 of the Dungeon
 17104 | D:10     | Reached skill level 10 in Spellcasting
 17341 | D:10     | Noticed a hill giant
 17349 | D:10     | Killed a hill giant
 17446 | D:10     | Noticed a hill giant
 17454 | D:10     | Killed a hill giant
 17674 | D:10     | Slain by an unseen horror

Action                   |  1- 3 |  4- 6 |  7- 9 | 10-12 || total
-------------------------+-------+-------+-------+-------++-------
Melee: Dagger            |    18 |     2 |       |       ||    20
       Unarmed           |     1 |       |       |       ||     1
       Short sword       |       |    25 |       |       ||    25
       Falchion          |       |     2 |    64 |    98 ||   164
Throw: Tomahawk          |       |       |     6 |     1 ||     7
 Cast: Magic Dart        |    73 |   113 |   397 |   594 ||  1177
       Call Imp          |     7 |    41 |    19 |    10 ||    77
       Blink             |       |    10 |    13 |    25 ||    48
       Mephitic Cloud    |       |     9 |    34 |    47 ||    90
       Conjure Flame     |       |       |    25 |    53 ||    78
       Repel Missiles    |       |       |     1 |       ||     1
Invok: Channel Energy    |       |       |       |     4 ||     4
Evoke: Wand              |       |       |       |     4 ||     4
  Use: Scroll            |       |     1 |     7 |    12 ||    20
       Potion            |       |       |       |     1 ||     1
 Stab: Confused          |       |     2 |       |     2 ||     4
       Distracted        |       |       |       |     1 ||     1
